 Dungeon Crawl Stone Soup version 0.21.1-1-g345015f (webtiles) character file.

7532 wojtek the Cleaver (level 10, 0/86 HPs)
             Began as a Minotaur Fighter on July 28, 2018.
             Was a Priest of Makhleb.
             Slain by a two-headed ogre
             ... wielding a +0 giant spiked club
              (12 damage)
             ... on level 9 of the Dungeon.
             The game lasted 00:11:49 (9141 turns).

wojtek the Cleaver (Minotaur Fighter)               Turns: 9141, Time: 00:11:50

Health: 0/86       AC: 15    Str: 23    XL:     10   Next: 96%
Magic:  14/14      EV:  9    Int:  5    God:    Makhleb [***...]
Gold:   347        SH: 11    Dex: 11    Spells: 9/9 levels left

rFire    . . .     SeeInvis .   a - +1 war axe (chop)
rCold    . . .     Gourm    .   c - +0 shield
rNeg     . . .     Faith    .   u - +0 chain mail
rPois    .         Spirit   .   R - +1 hat
rElec    .         Reflect  .   q - +0 cloak
rCorr    .         Harm     .   N - +0 pair of gloves
MR       .....                  j - +0 pair of boots
Stlth    ..........             (no amulet)
HPRegen  0.24/turn              (no ring)
MPRegen  0.14/turn              (no ring)

@: no status effects
A: retaliatory headbutt, horns 2
a: Minor Destruction, Lesser Servant of Makhleb, Renounce Religion


You were on level 9 of the Dungeon.
You worshipped Makhleb.
Makhleb was most pleased with you.
You were not hungry.

You visited 2 branches of the dungeon, and saw 10 of its levels.

You collected 347 gold pieces.

Inventory:

Hand Weapons
 a - a +1 war axe of chopping (weapon)
 Q - a +2 spear of distortion
Missiles
 S - a throwing net (quivered)
Armour
 c - a +0 shield (worn)
 j - a +0 pair of boots (worn)
 n - a +1 scale mail of fire resistance
 q - a +0 cloak (worn)
 u - a +0 chain mail (worn)
 N - a +0 pair of gloves (worn)
 R - a +1 hat (worn)
Jewellery
 x - an uncursed ring of ice
 G - an uncursed ring of flight {unknown}
 O - an uncursed amulet of guardian spirit {unknown}
Wands
 y - a wand of flame (36)
 E - a wand of acid (10)
 J - a wand of iceblast (5)
 L - a wand of paralysis (14)
Scrolls
 b - 2 scrolls of fear {unknown}
 h - 8 scrolls of identify {unknown}
 k - 3 scrolls of amnesia {unknown}
 o - 3 scrolls of blinking {unknown}
 p - 3 scrolls of teleportation {unknown}
 r - 2 scrolls of enchant weapon {unknown}
 t - 6 scrolls of remove curse {unknown}
 w - a scroll of random uselessness {unknown}
 B - a scroll of torment {unknown}
 C - a scroll of fog {unknown}
 F - 2 scrolls of immolation {unknown}
 I - a scroll of vulnerability {unknown}
 K - a scroll of magic mapping {unknown}
 T - a scroll of enchant armour {unknown}
Potions
 d - a potion of might
 e - 10 potions of curing {unknown}
 g - a potion of agility {unknown}
 i - 2 potions of invisibility {unknown}
 l - 4 potions of lignification {unknown}
 m - 6 potions of brilliance {unknown}
 s - 2 potions of ambrosia {unknown}
 v - a potion of haste {unknown}
 z - 2 potions of heal wounds {unknown}
 A - a potion of resistance {unknown}
 D - a potion of flight {unknown}
 H - a potion of mutation {unknown}
 M - a potion of cancellation {unknown}
Comestibles
 f - 14 rations
 P - 3 chunks of flesh


   Skills:
 + Level 7.4 Fighting
 * Level 11.8 Axes
 + Level 7.4 Armour
 + Level 5.8 Dodging
 + Level 7.5 Shields
 * Level 6.8 Invocations
 * Level 3.9 Evocations


You had 9 spell levels left.
You didn't know any spells.

Dungeon Overview and Level Annotations

Branches:
Dungeon (9/15)             Temple (1/1) D:5
   Lair: D:8-11         Orc: D:9-12

Altars:
Ashenzari
Cheibriados
Dithmenos
Elyvilon
Fedhas
Gozag
Hepliaklqana
Kikubaaqudgha
Makhleb
Nemelex Xobeh
Okawaru
Qazlal
Ru
Sif Muna
Trog
Uskayaw
Vehumet
Wu Jian
Xom
Yredelemnul
Zin
The Shining One

Shops:
D:7 *   D:8 *   D:9 *

Annotations:
D:7 snakesoul's ghost, novice GrFi
D:9 1 runed door


Innate Abilities, Weirdness & Mutations

You reflexively headbutt those who attack you in melee.
You have a pair of horns on your head.


Message History

You closely miss the gnoll shaman.
The gnoll shaman is almost dead.
You hit the two-headed ogre. The gnoll shaman barely misses you.
You furiously retaliate!
You headbutt the gnoll shaman. You block the two-headed ogre's attack.
The two-headed ogre closely misses you.
Unknown command.
You barely miss the two-headed ogre.
The two-headed ogre is heavily wounded.
You closely miss the gnoll shaman. The gnoll shaman hits you with a club.
* * * LOW HITPOINT WARNING * * *
Unknown command.
You hit the two-headed ogre. You headbutt the two-headed ogre.
The two-headed ogre is heavily wounded.
You hit the gnoll shaman.
You kill the gnoll shaman!
Makhleb accepts your kill.
The two-headed ogre hits you with a giant spiked club!
* * * LOW HITPOINT WARNING * * *
The two-headed ogre hits you with a giant spiked club!
You die...

#....#≈≈≈≈≈≈
#...........
#........... # #...(# #
#..8(# # #....## #
#..(..###### #
###....)...## ##
#....O@#..############.
########.............[.
#########.....÷.
########


You could see a two-headed ogre.

Vanquished Creatures
  Gastronok (D:9)
  Pikel (D:8)
  A centaur skeleton (D:7)
  A troll (D:9)
  Prince Ribbit (D:8)
  A hippogriff (D:8)
  4 yaks (D:8)
  The ghost of SeriousVitamin the Chopper, an amateur HOFi (D:3)
  2 hungry ghosts
  A water moccasin (D:9)
  2 orc warriors
  2 ice beasts
  2 phantoms (D:8)
  3 ogres
  2 black bears
  4 centaurs
  12 bullfrogs
  2 scorpions
  3 crimson imps
  2 bullfrog zombies
  2 centaur zombies
  Crazy Yiuf (D:2)
  A bullfrog skeleton (D:7)
  A gnoll shaman (D:9)
  7 orc priests
  2 hounds
  12 orc wizards
  Terence (D:2)
  Natasha (thrice) (D:2)
  5 iguanas
  3 worker ants
  A hound zombie (D:5)
  A hound skeleton (D:9)
  7 gnolls (D:9)
  10 adders
  3 shadow imps (D:5)
  An ooze (D:6)
  3 adder skeletons
  2 adder zombies
  A worm (D:2)
  3 dart slugs (D:1)
  2 leopard geckos
  36 orcs
  A ball python (D:3)
  9 bats
  2 giant cockroaches
  8 goblins
  7 hobgoblins
  11 jackals
  7 kobolds
  3 quokkas
  6 frilled lizards
  5 rats
215 creatures vanquished.

Vanquished Creatures (collateral kills)
  An orc warrior (D:9)
  An eye of draining (D:9)
  A necrophage (D:9)
  2 gnoll sergeants (D:9)
  A scorpion (D:9)
  2 hounds (D:9)
  An orc wizard (D:9)
  A gnoll shaman (D:9)
  5 gnolls (D:9)
  4 orcs (D:9)
  2 jackals (D:9)
21 creatures vanquished.

Vanquished Creatures (others)
  2 slaves (D:8)
  An ogre (D:8)
  A scorpion (D:8)
  A leopard gecko (D:8)
5 creatures vanquished.

Grand Total: 241 creatures vanquished

Notes
Turn   | Place    | Note
-------+----------+-------------------------------------------
     0 | D:1      | wojtek the Minotaur Fighter began the quest for the Orb.
     0 | D:1      | Reached XP level 1. HP: 19/19 MP: 0/0
   125 | D:1      | Reached skill level 3 in Axes
   159 | D:1      | Reached XP level 2. HP: 25/26 MP: 1/1
   301 | D:1      | Reached skill level 4 in Axes
   498 | D:2      | Noticed Terence
   508 | D:2      | Killed Terence
   508 | D:2      | Reached XP level 3. HP: 29/31 MP: 2/2
   509 | D:2      | Reached skill level 5 in Axes
   562 | D:2      | Noticed Natasha
   576 | D:2      | Killed Natasha
   576 | D:2      | Reached XP level 4. HP: 12/39 MP: 3/3
   767 | D:2      | Noticed Natasha
   771 | D:2      | Killed Natasha
   790 | D:2      | Noticed Natasha
   795 | D:2      | Killed Natasha
   795 | D:2      | Reached skill level 6 in Axes
   798 | D:2      | Reached XP level 5. HP: 44/45 MP: 4/4
   860 | D:2      | Reached skill level 7 in Axes
  1116 | D:2      | Found a runed door.
  1256 | D:2      | Noticed Crazy Yiuf
  1279 | D:2      | Killed Crazy Yiuf
  1620 | D:3      | Noticed SeriousVitamin's ghost (amateur HOFi)
  1632 | D:3      | Killed SeriousVitamin's ghost
  1632 | D:3      | Reached skill level 8 in Axes
  1632 | D:3      | Reached XP level 6. HP: 25/51 MP: 5/5
  2113 | D:3      | Found an ornate altar of the Wu Jian Council.
  2369 | D:3      | Found an iron altar of Okawaru.
  2369 | D:3      | Found a glowing golden altar of the Shining One.
  2885 | D:4      | Reached skill level 1 in Dodging
  2885 | D:4      | Reached XP level 7. HP: 52/59 MP: 6/6
  3657 | D:4      | Found a stormy altar of Qazlal.
  3809 | D:5      | Entered Level 5 of the Dungeon
  3842 | D:5      | Reached skill level 9 in Axes
  3857 | D:5      | Found a bloodstained altar of Trog.
  4038 | D:5      | Noticed a hand axe
  4038 | D:5      | Noticed an enchanted dagger
  4047 | D:5      | Found a staircase to the Ecumenical Temple.
  4060 | Temple   | Entered the Ecumenical Temple
  4297 | Temple   | Became a worshipper of Makhleb the Destroyer
  4450 | D:5      | Found a sparkling altar of Nemelex Xobeh.
  4574 | D:5      | Found a hide-covered altar of Uskayaw.
  4582 | D:5      | Reached XP level 8. HP: 67/67 MP: 7/7
  4754 | D:5      | Reached skill level 5 in Shields
  4907 | D:6      | Reached skill level 5 in Fighting
  4907 | D:6      | Reached skill level 5 in Armour
  4907 | D:6      | Reached skill level 1 in Invocations
  5381 | D:6      | Reached * piety under Makhleb
  5924 | D:7      | Noticed snakesoul's ghost (novice GrFi)
  6274 | D:7      | Reached skill level 10 in Axes
  6304 | D:7      | Found Kamar's Assorted Antiques.
  6314 | D:7      | Reached XP level 9. HP: 45/75 MP: 10/10
  6676 | D:7      | Found a shadowy altar of Dithmenos.
  6952 | D:8      | Noticed Pikel
  6966 | D:8      | Killed Pikel
  6966 | D:8      | Reached skill level 5 in Invocations
  7307 | D:8      | Found Hetanyny's General Store.
  7324 | D:8      | Reached ** piety under Makhleb
  7344 | D:8      | Found a deep blue altar of Sif Muna.
  7346 | D:8      | Noticed Prince Ribbit
  7374 | D:8      | Killed Prince Ribbit
  7374 | D:8      | Reached skill level 1 in Evocations
  7495 | D:8      | Noticed Gastronok
  8371 | D:8      | Reached skill level 11 in Axes
  8378 | D:8      | Reached XP level 10. HP: 77/84 MP: 13/13
  8395 | D:8      | Reached skill level 5 in Dodging
  8794 | D:9      | Reached *** piety under Makhleb
  8841 | D:9      | Found an ancient bone altar of Kikubaaqudgha.
  8858 | D:9      | Killed Gastronok
  8861 | D:9      | Found Faeptur's General Store.
  8905 | D:9      | Noticed a fire dragon
  8910 | D:9      | Found a runed door.
  8910 | D:9      | Noticed a fire dragon
  8912 | D:9      | Noticed an ice dragon
  8952 | D:9      | Found the +2 shield of Resistance {rF+ rC+ MR+}
  8952 | D:9      | Noticed an ice dragon
  9121 | D:9      | Noticed a two-headed ogre
  9141 | D:9      | Slain by a two-headed ogre

Skill      XL: |  1  2  3  4  5  6  7  8  9 10 |
---------------+-------------------------------+-----
Axes           | 3 4 5 6 8 9 10 11 | 11.8
Shields        | 4 5 6 7 |  7.5
Fighting       | 4 5 6 7 |  7.4
Armour         | 4 5 6 7 |  7.4
Dodging        | 1 2 3 4 5 |  5.8
Invocations    | 3 5 6 |  6.8
Evocations     | 1 3 |  3.9

Action                   |  1- 3 |  4- 6 |  7- 9 | 10-12 || total
-------------------------+-------+-------+-------+-------++-------
Melee: War axe           |    62 |   141 |   266 |   135 ||   604
       Headbutt          |    15 |    15 |    50 |    29 ||   109
Invok: Lesser Servant of |       |       |       |     2 ||     2
Evoke: Wand              |       |       |     5 |     3 ||     8
 Stab: Invisible         |       |     1 |       |       ||     1
  Eat: Chunk             |       |     6 |    15 |     5 ||    26
       Ration            |       |       |     1 |       ||     1
Armor: Scale mail        |    35 |    51 |    78 |       ||   164
       Chain mail        |       |       |    14 |    72 ||    86
Dodge: Dodged            |    16 |    39 |    68 |    37 ||   160
Block: Shield            |    29 |    71 |   125 |    74 ||   299
